 Dungeon Crawl Stone Soup version 0.17.1-3-g152610e (console) character file.

81 Sehdowjr the Conjurer (level 4, -1/36 HPs)
             Began as a Deep Elf Conjurer on Mar 24, 2016.
             Slain by a goblin (2 damage)
             ... led by Robin
             ... on level 2 of the Dungeon.
             The game lasted 00:05:50 (1019 turns).

Sehdowjr the Conjurer (Deep Elf Conjurer)           Turns: 1019, Time: 00:05:51

Health: -1/36      AC: 22    Str:  5      XL:     4   Next: 20%
Magic:  0/12       EV:  2    Int: 20 (21) God:
Gold:   41         SH:  0    Dex: 20      Spells: 1 memorised, 11 levels left

rFire  + . .     SeeInvis .     (no weapon)
rCold  + . .     Clarity  .     (armour currently unavailable)
rNeg   + + +     SustAt   .     (no shield)
rPois  +         Gourm    .     (helmet currently unavailable)
rElec  +         Spirit   .     (cloak currently unavailable)
rCorr  +         Warding  .     (gloves currently unavailable)
rMut   .         NoTele   +     (boots currently unavailable)
MR     .....                    (no amulet)
Stlth  ++++......               (no ring)
                                (no ring)

@: agile, tree-form (expiring), resistant, not resistant to hostile
enchantments, stealthy
A: no striking features
a: no special abilities


You were on level 2 of the Dungeon.
You were not hungry.
You were a tree.
You visited 1 branch of the dungeon, and saw 2 of its levels.

You collected 41 gold pieces.

Inventory:

Armour
 a - a +0 robe (melded)
Scrolls
 d - a scroll of enchant armour {unknown}
 e - a scroll of remove curse {unknown}
 h - a scroll of immolation {unknown}
 l - a scroll of teleportation {unknown}
Books
 b - a book of Conjurations

   Spells                             Type                      Level
   a - Magic Dart                     Conjuration                  1
   b - Searing Ray                    Conjuration                  2
   c - Dazzling Spray                 Conjuration/Hexes            3
   d - Fulminant Prism                Conjuration/Hexes            4
   e - Iskenderun's Mystic Blast      Conjuration                  4
   f - Iskenderun's Battlesphere      Conjuration/Charms           5
Comestibles
 c - a bread ration


   Skills:
 - Level 2.4 Dodging
 - Level 2.4 Stealth
 + Level 4.5 Spellcasting
 + Level 5.5 Conjurations


You had 11 spell levels left.
You knew the following spells:

 Your Spells              Type           Power        Failure   Level  Hunger
a - Magic Dart            Conj           ####         1%          1    None


Dungeon Overview and Level Annotations

Branches:
Dungeon (2/15)

Altars:

Annotations:
D:2 Robin


Message History

Press: ? - help, Shift-Dir - straight line, f/p - Robin
Aim: Robin, wielding a trident, wearing an animal skin and wearing a helmet (heavily wounded)
The magic dart hits Robin.
Robin is heavily wounded.
The goblin hits you but does no damage. Robin hits you but does no damage.
Casting: Magic Dart
Confirm with . or Enter, or press ? or * to list all spells.
You don't have enough magic to cast that spell.
Unknown command.
Casting: Magic Dart
Confirm with . or Enter, or press ? or * to list all spells.
You don't have enough magic to cast that spell.
Unknown command.
Your transformation is almost over.
The goblin barely misses you.
Robin hits you from afar with a trident.
* * * LOW HITPOINT WARNING * * *
The goblin hits you but does no damage. Robin hits you but does no damage.
The goblin hits you.
You die... ######### ggggg.gg#

#g# #)# #♣# ..
###g########
..#####...........
....#.....########
........†.# .
##.......#
..##.......#####
#..>..............
#..###.......#####


You could see Robin, 2 hobgoblins and a goblin (frenzied).

Vanquished Creatures
  Ijyb (D:2)
  Jessica (D:2)
  2 giant geckos (D:1)
  3 hobgoblins (D:1)
  A quokka (D:2)
  A bat (D:2)
  A giant newt (D:1)
  11 goblins
  4 kobolds (D:1)
  2 rats
27 creatures vanquished.

Notes
Turn   | Place    | Note
--------------------------------------------------------------
     0 | D:1      | Sehdowjr the Deep Elf Conjurer began the quest for the Orb.
     0 | D:1      | Reached XP level 1. HP: 10/10 MP: 6/6
   245 | D:1      | Reached XP level 2. HP: 15/15 MP: 4/8
   815 | D:2      | Noticed Jessica
   818 | D:2      | Killed Jessica
   818 | D:2      | Reached skill level 5 in Conjurations
   818 | D:2      | Reached XP level 3. HP: 19/19 MP: 2/10
   878 | D:2      | Noticed Ijyb
   885 | D:2      | Killed Ijyb
   885 | D:2      | Reached XP level 4. HP: 24/24 MP: 3/12
   987 | D:2      | Noticed Robin
  1012 | D:2      | HP: 1/36 [goblin[Robin] (4)]
  1017 | D:2      | HP: 1/36 [Robin/trident (1)]
  1019 | D:2      | Slain by a goblin

Action                   |  1- 3 |  4- 6 || total
-------------------------+-------+-------++-------
Melee: Unarmed           |       |     2 ||     2
 Cast: Magic Dart        |    38 |    18 ||    56
  Use: Potion            |       |     5 ||     5
